 Dungeon Crawl Stone Soup version 0.29.1-14-g9c671dbff4 (webtiles) character file.

Game seed: 15010821559525971035

164 Peloso the Covered (level 5, 0/47 HPs)
             Began as a Minotaur Fighter on Feb 19, 2023.
             Succumbed to Ijyb's poison
             ... on level 3 of the Dungeon.
             The game lasted 00:04:05 (3372 turns).

Peloso the Covered (Minotaur Fighter)               Turns: 3372, Time: 00:04:05

Health: 0/47       AC:  7    Str: 20    XL:     5   Next: 21%
Magic:  4/4        EV:  7    Int:  5    God:
Gold:   102        SH:  0    Dex: 12    Spells: 4/4 levels left

rFire   . . .      SeeInvis .   a - +0 long sword
rCold   . . .      Faith    .   (no shield)
rNeg    . . .      Spirit   .   b - +0 scale mail
rPois   .          Reflect  .   (helmet restricted)
rElec   .          Harm     .   (no cloak)
rCorr   .          Rampage  .   (no gloves)
Will    .....                   (no boots)
Stlth   ..........              (no amulet)
HPRegen 0.15/turn               (no ring)
MPRegen 0.09/turn               (no ring)

@: lethally poisoned (0 -> -32), grasped by roots, constricted
A: horns 2, retaliatory headbutt
a: no special abilities


You were on level 3 of the Dungeon.
You visited 1 branch of the dungeon, and saw 3 of its levels.

You collected 102 gold pieces.

Inventory:

Hand Weapons
 a - a +0 long sword (weapon)
Armour
 b - a +0 scale mail (worn)
 c - a +1 pair of gloves
 d - a +0 buckler
Wands
 f - a wand of polymorph (9)
 i - a wand of charming (3)
Scrolls
 g - a scroll of torment {unknown}
 j - a scroll of identify
 k - 4 scrolls of noise {unknown}
 m - a scroll of fog {unknown}
 n - 2 scrolls of vulnerability {unknown}
 o - a scroll of enchant weapon {unknown}
 p - 2 scrolls of teleportation
Potions
 e - a potion of might
 l - a potion of attraction {unknown}


   Skills:
 + Level 4.8 Fighting
 + Level 3.6 Long Blades
 + Level 5.2 Armour
 + Level 0.9 Dodging
 + Level 4.0 Shields


You had 4 spell levels left.
You didn't know any spells.
Your spell library contained the following spells:

 Spells                   Type           Power      Damage    Failure   Level
 Apportation              Tloc           0%         N/A       82%         1
 Magic Dart               Conj           0%         1d3       82%         1
 Necrotise                Necr           0%         1d4       82%         1
 Shock                    Conj/Air       0%         1d3       82%         1
 Summon Small Mammal      Summ           0%         N/A       82%         1
 Call Imp                 Summ           0%         N/A       91%         2
 Gell's Gravitas          Tloc           0%         N/A       99%         3
 Mephitic Cloud           Conj/Pois/Air  0%         N/A       99%         3
 Swiftness                Air            0%         N/A       99%         3
 Teleport Other           Tloc           0%         N/A       99%         3
 Airstrike                Air            0%         2d(0-16)  100%        4
 Dispersal                Tloc           0%         N/A       100%        6


Dungeon Overview and Level Annotations

Branches:
Dungeon (3/15)

Altars:

Annotations:
D:3 Ijyb


Innate Abilities, Weirdness & Mutations

You have a pair of horns on your head.
You reflexively headbutt those who attack you in melee.


Message History

You feel very sick.
Ijyb hits you with a +3 dagger of venom.
You hit Ijyb. You punch Ijyb.
Ijyb is moderately wounded.
You feel very sick.
Ijyb hits you with a +3 dagger of venom.
* * * LOW HITPOINT WARNING * * *
You hit Ijyb. You headbutt Ijyb, but do no damage.
Ijyb is heavily wounded.
* * * LOW HITPOINT WARNING * * *
You feel very sick.
Ijyb hits you with a +3 dagger of venom.
* * * LOW HITPOINT WARNING * * *
You are more poisoned.
You feel much better.
You feel very sick.
Ijyb zaps a wand.
The roots erupt in riotous growth!
The grasping roots grab you!
Ijyb is unaffected.
The grasping roots constrict you.
You barely miss Ijyb.
Ijyb is heavily wounded.
You feel very sick. Ijyb hits you but does no damage.
You are more poisoned.
The grasping roots constrict you.
Unknown command.
You hit Ijyb but do no damage.
Ijyb is heavily wounded.
You feel very sick. Ijyb hits you but does no damage.
You are lethally poisoned!
The grasping roots constrict you.
Ijyb hits you with a +3 dagger of venom.
* * * LOW HITPOINT WARNING * * *
You are more poisoned.
The grasping roots constrict you.
* * * LOW HITPOINT WARNING * * *
You barely miss Ijyb. Your headbutt misses Ijyb.
Ijyb is heavily wounded.
You die...

#............
#............
#............
##...#.......
#...#....(..
#######...#.......
#.........#.......
#.#####...#.......
#@# #...#.......
#g# #...........
#.# ##.....####.
#.# #..........
#.# #.....####.
#.# #.....# #. #.#
#.....# #. #.#
#.....# ## #.....#


You could see Ijyb.

Vanquished Creatures
  An iguana (D:3)
  7 adders
  A worm (D:2)
  2 dart slugs
  2 orcs (D:3)
  An endoplasm (D:2)
  4 giant cockroaches
  3 goblins
  6 hobgoblins
  6 jackals (D:2)
  7 quokkas
  5 ball pythons
  7 bats
  3 frilled lizards
  5 kobolds
  8 rats
68 creatures vanquished.

Notes
Turn   | Place    | Note
-------+----------+-------------------------------------------
     0 | D:1      | Peloso the Minotaur Fighter began the quest for the Orb.
     0 | D:1      | Reached XP level 1. HP: 19/19 MP: 0/0
   198 | D:1      | Reached XP level 2. HP: 25/27 MP: 1/1
   310 | D:1      | Found a faded altar of an unknown god.
   474 | D:1      | Reached skill level 4 in Armour
  1018 | D:2      | Reached XP level 3. HP: 14/33 MP: 2/2
  2041 | D:3      | Reached XP level 4. HP: 41/41 MP: 3/3
  2626 | D:3      | Reached skill level 5 in Armour
  2729 | D:3      | Reached XP level 5. HP: 36/47 MP: 4/4
  3362 | D:3      | Noticed Ijyb
  3372 | D:3      | Succumbed to Ijyb's poison

Illustrated notes

Levels and vault maps discovered:
D:1:      lightli_molten_gateway, layout_basic,
          hellmonk_ecumenical_altar_lost_god, minivault_27
D:2:      layout_basic
D:3:      layout_basic, st_stairs_3, uniq_ijyb

Skill      XL: |  1  2  3  4 |
---------------+-------------+-----
Fighting       | 4 |  4.8
Armour         | 4 5 |  5.2
Shields        | 4 |  4.0
Long Blades    | 3 |  3.6
Dodging        | |  0.9

Action                   |  1- 3 |  4- 6 || total
-------------------------+-------+-------++-------
Melee: Long sword        |   119 |    80 ||   199
       Headbutt          |    13 |    10 ||    23
       Punch             |       |     2 ||     2
  Use: Scroll            |     3 |       ||     3
       Potion            |     1 |     2 ||     3
Armor: Scale mail        |    84 |    42 ||   126
Dodge: Dodged            |    77 |    40 ||   117
Block: Buckler           |     4 |       ||     4
